 Dungeon Crawl Stone Soup version 0.31.0-12-g77e489cdc1 (webtiles) character file.

Game seed: 4915278523079711914

91 Norrock the Caller (level 4, -1/37 HPs)
             Began as a Tengu Summoner on Feb 12, 2024.
             Slain by a white imp (5 damage)
             ... on level 4 of the Dungeon.
             The game lasted 00:12:30 (1700 turns).

Norrock the Caller (Tengu Summoner)                 Turns: 1700, Time: 00:12:30

Health: -1/37      AC:  4    Str:  8    XL:     4   Next: 57%
Magic:  9/9        EV: 17    Int: 15    God:
Gold:   143        SH:  0    Dex: 17    Spells: 3/9 levels left

rFire   . . .        c - +0 dagger (venom)
rCold   . . .        (no shield)
rNeg    . . .        p - +0 leather armour
rPois   .            (helmet restricted)
rElec   .            l - +0 cloak
rCorr   .            (no gloves)
SInv    +            (boots unavailable)
Will    .....        (no amulet) Stlth
                     q - +5 ring of evasion
HPRegen 0.26/turn    r - ring of see invisible
MPRegen 0.11/turn

%: acrobat
@: berserking, very quick
A: beak, talons 3, acrobatic
a: no special abilities


You were on level 4 of the Dungeon.
You visited 1 branch of the dungeon, and saw 3 of its levels.

You collected 143 gold pieces.

Inventory:

Hand Weapons
 c - a +0 dagger of venom (weapon)
Missiles
 d - 4 boomerangs (quivered)
Armour
 a - a +0 robe
 l - a +0 cloak (worn)
 p - a +0 leather armour (worn)
Jewellery
 o - a +4 ring of slaying
 q - a +5 ring of evasion (left hand)
 r - a ring of see invisible (right hand)
Scrolls
 e - 2 scrolls of fog {unknown}
 f - 2 scrolls of immolation {unknown}
 g - a scroll of torment {unknown}
 i - a scroll of amnesia {unknown}
 j - 2 scrolls of identify {unknown}
 k - a scroll of teleportation {unknown}
Potions
 b - a potion of magic
 h - a potion of berserk rage
 m - a potion of attraction {unknown}
 n - 2 potions of mutation {unknown}


   Skills:
 + Level 1.2 Fighting
 + Level 2.8 Dodging
 - Level 2.0 Stealth
 * Level 3.0 Spellcasting
 * Level 5.6 Summonings


You had 3 spell levels left.
You knew the following spells:

 Your Spells              Type           Power      Damage    Failure   Level
a - Summon Small Mammal   Summ           76%        N/A       2%          1
b - Call Imp              Summ           38%        N/A       4%          2
c - Call Canine Familiar  Summ           19%        N/A       9%          3

Your spell library contained the following spells:

 Spells                   Type           Power      Damage    Failure   Level
 Summon Blazeheart Golem  Fire/Summ      10%        N/A       65%         4
 Summon Lightning Spire   Summ/Air       10%        N/A       65%         4


Dungeon Overview and Level Annotations

Branches:
Dungeon (2/15)

Altars:


Innate Abilities, Weirdness & Mutations

You have a beak for a mouth.
You have claws for feet.
You can magically evade attacks while moving or waiting.


Message History

< or
o - a +4 ring of slaying; > or
r - a ring of see invisible You remove your +4 ring of slaying.
q - a +5 ring of evasion (left hand)
The frilled lizard hisses angrily.
The frilled lizard bites you.
You hit the frilled lizard.
You kill the frilled lizard!
Found a scroll labelled OSUPSAUPPA.
f - 2 scrolls labelled OSUPSAUPPA (gained 1)
Found a sling.
Found a stone staircase leading down.
Found a stone staircase leading up.
You now have 139 gold pieces (gained 13).
You now have 143 gold pieces (gained 4).
A malevolent force fills the Dungeon...
You fall into a shaft and drop 2 floors!
The shaft crumbles and collapses.
Found a scroll labelled SINTYZ IRUFA.
A white imp comes into view.
The white imp shouts, "Take thy face hence, thou fawning lightweight flim-flammer!"
The white imp shouts, "Take thy face hence, thou grime-gilt ruttish baggage!"
The white imp gestures at you. The puff of frost hits you.
The white imp closely misses you.
You hit the white imp. Your punch misses the white imp.
The white imp is lightly wounded.
The white imp grinds its teeth.
The white imp gestures at you. The puff of frost hits you!
You hit the white imp but do no damage.
The white imp is poisoned.
You peck the white imp.
The white imp is heavily wounded.
The white imp hits you. The white imp freezes you.
* * * LOW HITPOINT WARNING * * *
It was a potion of berserk rage.
A red film seems to cover your vision as you go berserk!
You feel yourself moving faster!
You feel mighty! The white imp hits you.
* * * LOW HITPOINT WARNING * * *
The white imp freezes you.
You die...

####### .......
....... .......
###### .......
#....####.......
+.......@5......
#....#######....
#....# . #....#
#....# #....#
######


You could see a white imp (very poisoned).

Vanquished Creatures
  An adder (D:2)
  3 bats (D:1)
  An endoplasm (D:1)
  3 giant cockroaches (D:1)
  2 goblins (D:1)
  2 hobgoblins (D:1)
  2 jackals (D:1)
  3 quokkas
  A ball python (D:1)
  2 frilled lizards
  2 kobolds (D:1)
  4 rats
26 creatures vanquished.

Vanquished Creatures (collateral kills)
  4 gnolls (D:2)
  A bat (D:1)
  An endoplasm (D:2)
  2 giant cockroaches (D:1)
  2 goblins (D:1)
  A hobgoblin (D:1)
  A jackal (D:1)
  A quokka (D:2)
  2 ball pythons
  A frilled lizard (D:1)
  A kobold (D:1)
  A rat (D:1)
18 creatures vanquished.

Grand Total: 44 creatures vanquished

Notes
Turn   | Place    | Note
-------+----------+-------------------------------------------
     0 | D:1      | Norrock the Tengu Summoner began the quest for the Orb.
     0 | D:1      | Reached XP level 1. HP: 10/10 MP: 4/4
   117 | D:1      | Reached skill level 5 in Summonings
   117 | D:1      | Reached XP level 2. HP: 16/16 MP: 6/6
   127 | D:1      | Learned a level 2 spell: Call Imp
   376 | D:1      | Reached XP level 3. HP: 20/20 MP: 2/7
   380 | D:1      | Learned a level 3 spell: Call Canine Familiar
   838 | D:2      | Reached skill level 1 in Fighting
   850 | D:2      | Reached XP level 4. HP: 24/25 MP: 2/9
  1692 | D:2      | You fall into a shaft and drop 2 floors!
  1700 | D:4      | Slain by a white imp

Illustrated notes

Levels and vault maps discovered:
D:1:      psy_arrival_spokes, layout_basic
D:2:      layout_basic
D:4:      layout_basic, tgw_fedhas, lemuel_round_altar, minmay_misc_feat_roman

Skill      XL: |  1  2  3  4 |
---------------+-------------+-----
Summonings     | 5 |  5.6
Fighting       | 1 |  1.2
Spellcasting   | 3 |  3.0
Dodging        | |  2.8
Stealth        | |  2.0

Action                     |  1- 3 |  4- 6 || total
---------------------------+-------+-------++-------
  Melee: Dagger            |    47 |    11 ||    58
         Kick              |     6 |     4 ||    10
         Peck              |    12 |     3 ||    15
         Punch             |     1 |     1 ||     2
  Throw: Boomerang         |    10 |     4 ||    14
   Cast: Summon Small Mamm |    14 |     4 ||    18
         Call Imp          |     4 |     1 ||     5
         Call Canine Famil |     1 |       ||     1
    Use: Potion            |       |     1 ||     1
   Stab: Sleeping          |     1 |       ||     1
 Armour: Robe              |    20 |     4 ||    24
         Leather armour    |       |     8 ||     8
  Dodge: Dodged            |    38 |     9 ||    47
